!Justin14p!, lawful male human Knight # ------###-##- ....*........# .......#-..-----.-##* ... ........| |.I.| ....---......- -.-)- .... ............. ...... ............-----... ..... |............| --. ..- --..%.........- ......<)...--.. ..........-- . ...---..-- ..| --.| --- !Justin14p! the Esquire Experience level: 5 Strength: 15 Dexterity: 9 Constitution: 13 Intelligence: 9 Wisdom: 14 Charisma: 17 Health: 0(31) Energy: 45(45) Def: 7 Gold: 295 Moves: 1951 Dungeon seed: MAPKY2gRlulFsitE Game ID: !Justin14p!_1525637917 Your Inventory: Coins $ - 295 gold pieces Weapons a - a +1 long sword (weapon in hand) z - 4 cursed -3 daggers C - a +0 axe Armor e - a blessed +1 ring mail (being worn) n - an uncursed +0 helmet (being worn) q - an uncursed +0 small shield (being worn) r - an uncursed +0 pair of leather gloves (being worn) Comestibles c - 12 uncursed apples d - 11 uncursed carrots p - an uncursed food ration Scrolls m - an uncursed scroll of identify B - an uncursed scroll of remove curse Potions j - an uncursed potion of booze Wands v - a wand of striking (0:1) w - a wand of speed monster (0:3) Tools u - 9 uncursed partly used tallow candles (lit) (0:139) D - an uncursed tin opener Gems y - an uncursed worthless piece of blue glass N - an uncursed agate stone Y - an uncursed worthless piece of black glass Spells and supernatural/magical abilities: Name Level Category Fail Memory W - pray for help -- divine ? -- X - turn undead -- divine ? -- Y - supernatural jump -- ability ? -- Your skills at the end: Fighting Skills riding [Basic] Weapon Skills long sword [Basic] lance [Basic] Spellcasting Skills Final Attributes: You were piously aligned. You could jump. You are dead. Vanquished creatures: 2 small mimics a rock piercer 2 gnome lords a gnomish wizard 2 little dogs a homunculus a giant rat 2 yellow molds 12 gnomes 2 geckos a jackal 2 goblins 2 sewer rats 3 grid bugs 3 lichens 10 newts 47 creatures vanquished. Voluntary challenges: You used a wielded weapon 60 times, starting on turn 1. You were illiterate. You never genocided any monsters. You never polymorphed an object. You never changed form. You used no wishes. You never split a pudding. You never wrote Elbereth's name. You never violated your personal moral code. Dungeon overview: The Dungeons of Doom: levels 1 to 3 Level 1 some fountains a long staircase Level 2 an armor shop, a fountain, a sink Level 3 a fountain stairs to The Gnomish Mines The Gnomish Mines: levels 4 to 5 Level 4 stairs to The Dungeons of Doom Level 5 <- You were here History has recorded: On T:1 you entered the Dungeons of Doom to retrieve the Amulet of Yendor! On T:663 you reached level 2 of The Dungeons of Doom. On T:773 you advanced to experience level 2. On T:782 you advanced to experience level 3. On T:994 you advanced to experience level 4. On T:1201 you reached level 3 of The Dungeons of Doom. On T:1565 you reached level 1 of The Gnomish Mines. On T:1625 you advanced to experience level 5. On T:1888 you reached level 2 of The Gnomish Mines. Score breakdown: Gold: 295 ( 8406 points) Experience: 5 levels (11141 points) Exploration: 5 levels ( 9.80%) ( 8485 points) Discoveries: 3 items ( 1.22%) ( 3312 points) Valuables value: (no points given unless you survive) Artifact value: 0 ( 0 points) Variety of kills: 16 monsters ( 4.20%) ( 6147 points) Turncount: 1951 turns ( 0 points) Survival: died (score multiplied by 80%) Total score: 29992 Latest messages: You hear crashing rock. (4x) It is hit. The little dog bites! (2x) You hit the little dog! The little dog misses. You feel more confident in your weapon skills. You kill the little dog! You see here a rock. A trap door in the ceiling opens and a rock falls on your head! Fortunately, you are wearing a hard helmet. You hear crashing rock. The gnome lord wields a dagger! You suddenly fall asleep! It is missed. It misses. It is hit. It just misses! It hits! It is missed. It misses. It hits! You die... Final status: Fare thee well !Justin14p! the Knight, killed by a gnome lord, while sleeping... You died in The Gnomish Mines on dungeon level 5 with 29992 points, and 295 pieces of gold, after 1951 moves. You were level 5 with a maximum of 31 hit points when you died.